 Dungeon Sprint DCSS version 0.21-a0-67-g3f13d09 (webtiles) character file.

770 Kidiri the Fighter (level 7, -5/62 (64) HPs)
             Began as a Gnoll Wanderer on June 17, 2017.
             Was a Priest of Wu Jian.
             Killed from afar by a spriggan druid (29 damage)
             ... with a stone arrow
             ... in the Dungeon (Sprint V: "Ziggurat Sprint").
             The game lasted 00:07:40 (644 turns).

Kidiri the Fighter (Gnoll Wanderer)                  Turns: 644, Time: 00:07:41

HP:   -5/62 (64)    AC:  2    Str: 17    XL:     7   Next: 82%
MP:   6/23          EV: 18    Int: 21    God:    Wu Jian [***...]
Gold: 0             SH:  0    Dex: 21    Spells: 6/20 levels left

rFire    + + +     SeeInvis +   m - +6 Majin-Bo {vamp, Archmagi MP+6 Int+6}
rCold    + . .     Gourm    .   (shield currently unavailable)
rNeg     . . .     Faith    .   d - +0 robe
rPois    .         Spirit   .   (no helmet)
rElec    .         Reflect  .   (no cloak)
rCorr    .         Harm     .   (no gloves)
MR       +....     NoTele   +   (no boots)
Stlth    +.........             N - amulet "Qodymym" {+Rage +Inv Dex+2 SInv}
HPRegen  0.20/turn              F - +6 ring of intelligence
MPRegen  0.18/turn              M - ring "Guhusagu" {*Slow rF+++ rC+ MR+ Dex+6}

@: glowing, heavenly storm
A: short attention span, fangs 1, strong nose
a: Renounce Religion, Evoke Berserk Rage, Evoke Invisibility


You were in the Dungeon.
You worshipped Wu Jian.
Wu Jian was most pleased with you.
You were hungry.

You visited 1 branch

Inventory:

Hand Weapons
 m - the +6 Majin-Bo (weapon) {vamp, Archmagi MP+6 Int+6}
   (You found it in the Dungeon)

   It inflicts no extra harm, but heals its wielder when it wounds a living foe.
   It affects your intelligence (+6).
   It affects your magic capacity (+6).
Armour
 d - a +0 robe (worn)
 J - +5 gold dragon scales
Jewellery
 D - a +6 ring of dexterity
 E - a +6 ring of dexterity
 F - a +6 ring of intelligence (left hand)
 G - a +6 ring of intelligence
 H - a +6 ring of strength
 I - a +6 ring of strength
 L - an uncursed ring of magical power
 M - the ring "Guhusagu" (right hand) {*Slow rF+++ rC+ MR+ Dex+6}
   (You found it in the Dungeon)

   [ring of protection from cold]

   It affects your dexterity (+6).
   It renders you almost immune to fire.
   It protects you from cold.
   It affects your resistance to hostile enchantments.
   It may slow you when you take damage.
 N - the amulet "Qodymym" (around neck) {+Rage +Inv Dex+2 SInv}
   (You found it in the Dungeon)

   [amulet of rage]

   It affects your dexterity (+2).
   It lets you see invisible.
   It lets you turn invisible.
   It lets you go berserk.
Wands
 y - a wand of disintegration (7/24)
 A - a wand of iceblast (5/15)
 B - a wand of lightning (5/15)
 C - a wand of acid (5/15)
Scrolls
 a - 4 scrolls of amnesia
 b - 3 scrolls of recharging
 c - a scroll of teleportation
 f - 7 scrolls of fog
 k - 4 scrolls of blinking
 l - a scroll of holy word
 n - 5 scrolls of identify
 o - 5 scrolls of remove curse
 p - 2 scrolls of fear
Potions
 e - 10 potions of curing
 g - 10 potions of heal wounds
 h - 6 potions of haste
 i - 7 potions of magic
 j - 3 potions of berserk rage
 t - 2 potions of brilliance
 u - 2 potions of invisibility
 v - 4 potions of resistance
 w - a potion of experience
 x - 5 potions of agility
 z - 5 potions of might
Books
 K - a book of Alchemy

   Spells                             Type                      Level
   a - Sublimation of Blood           Necromancy                   2
   b - Ignite Poison                  Fire/Transmutation/Poison    3
   c - Petrify                        Transmutation/Earth          4
   d - Alistair's Intoxication        Transmutation/Poison         5
   e - Irradiate                      Conjuration/Transmutation    5
 P - the Grimoire of Doomed Venom
   (You found it in the Dungeon)

   Spells                             Type                      Level
   a - Sting                          Conjuration/Poison           1
   b - Pain                           Necromancy                   1
   c - Poisonous Vapours              Poison/Air                   2
   d - Animate Dead                   Necromancy                   4
   e - Alistair's Intoxication        Transmutation/Poison         5
Comestibles
 q - 42 fruits
 r - 4 bread rations
 s - 4 meat rations
 O - 5 chunks of flesh


   Skills:
 * Level 9.4 Fighting
 * Level 9.3 Staves
 + Level 7.3 Armour
 + Level 7.3 Dodging
 + Level 3.7 Stealth
 + Level 7.4 Spellcasting
   Level 4.8 Charms
 + Level 6.6 Transmutations
 + Level 4.0 Fire Magic
 + Level 0.0 Air Magic
 + Level 3.4 Earth Magic
 + Level 6.4 Poison Magic
 + Level 6.8 Evocations


You had 6 spell levels left.
You knew the following spells:

 Your Spells              Type           Power        Failure   Level  Hunger
a - Ignite Poison         Fire/Tmut/Pois #####...     2%          3    None
b - Petrify               Tmut/Erth      #####...     11%         4    ###....
c - Alistair's Intoxicat  Tmut/Pois      ######..     16%         5    #####..
d - Poisonous Vapours     Pois/Air       ####..       3%          2    None


Dungeon Overview and Level Annotations

Branches:
Dungeon (1/1)

Altars:
Ashenzari
Cheibriados
Dithmenos
Elyvilon
Fedhas
Gozag
Hepliaklqana
Kikubaaqudgha
Makhleb
Nemelex Xobeh
Okawaru
Qazlal
Ru
Sif Muna
Trog
Uskayaw
Vehumet
Wu Jian
Xom
Yredelemnul
Zin
The Shining One
Beogh
Jiyva
Lugonu

Annotations:
D 1 transporter


Innate Abilities, Weirdness & Mutations

You have a short attention span.
You have very sharp teeth.
Your uncanny sense of smell can sniff out nearby items.


Message History

Casting: Alistair's Intoxication
Confirm with . or Enter, or press ? or * to list all spells.
Aiming: Poisonous Vapours
Press: ? - help, Dir - move target cursor, f - spriggan druid
Aim: a spriggan druid, wielding a quarterstaff and wearing a robe You feel a surge of power!
Poisonous vapours surround the spriggan druid!
The black bear closely misses you. The black bear misses you.
The black bear claws you. The black bear misses you.
The black bear claws you but does no damage.
The black bear completely misses you.
The spriggan druid is poisoned.
The spriggan druid hits you with a quarterstaff!
The air is filled with shimmering golden clouds!
Sifu Deng Ai says: The storm will not cease as long as you keep fighting, disciple!
You can no longer summon a storm of heavenly clouds to empower your attacks.
The black bear bites you. The black bear claws you.
The black bear barely misses you.
The spriggan druid points at you and mumbles some strange words.
The stone arrow hits you!
You die...

▓▓▓▓▓▓▓▓▓▓▓▓▓▓▓▓▓▓▓
▓..8©8..▓ ∆∆∆∆
▓..[i)..▓ ∆∆∆
▓..|:|..▓ ▓..i....▓
▓.......▓ ▓.§§§§§.▓
▓.§hih§.▓ ▓.▓h@§▓.▓
▓.§§§§§.▓ ▓▓▓▓▓▓▓▓▓
∆ ∆∆∆ ∆∆∆


You could see a spriggan druid and 3 black bears.

Vanquished Creatures
  A slime creature (D)
  A floating eye (D)
  A phantom (D)
  2 necrophages (D)
  A bullfrog (D)
  An iron imp (D)
  3 iguanas (D)
  A river rat (D)
  2 shadow imps (D)
  2 oozes (D)
  An adder skeleton (D)
  2 jackals (D)
18 creatures vanquished.

Vanquished Creatures (others)
  2 acid blobs (D)
  Frances (D)
  Gastronok (D)
  10 azure jellies (D)
  5 death oozes (D)
  Harold (D)
  Erica (D)
  Sonja (D)
  Psyche (D)
  Eustachio (D)
  Edmund (D)
  Purgy (D)
26 creatures vanquished.

Grand Total: 44 creatures vanquished

Notes
Turn   | Place    | Note
-------+----------+-------------------------------------------
     0 | D        | Kidiri the Gnoll Wanderer began the quest for the Orb.
     0 | D        | Kidiri set off with: a +2 quarterstaff, a +0 falchion, a scroll of teleportation, a +0 robe, a potion of curing, a bread ration, a potion of heal wounds, a potion of haste, 2 potions of magic, a potion of berserk rage, a scroll of blinking
     0 | D        | Reached XP level 1. HP: 20/20 MP: 3/3
     0 | D        | Found a deep blue altar of Sif Muna.
     0 | D        | Found a bloodstained altar of Trog.
     0 | D        | Found a sacrificial altar of Ru.
     0 | D        | Found a stormy altar of Qazlal.
     0 | D        | Found an iron altar of Okawaru.
    29 | D        | Found a sparkling altar of Nemelex Xobeh.
    30 | D        | Found a burning altar of Makhleb.
    30 | D        | Found a corrupted altar of Lugonu.
    30 | D        | Found an ancient bone altar of Kikubaaqudgha.
    30 | D        | Found a transporter.
    39 | D        | Found a viscous altar of Jiyva.
    41 | D        | Found a hazy altar of Hepliaklqana.
    43 | D        | Found an opulent altar of Gozag.
    44 | D        | Found a blossoming altar of Fedhas.
   133 | D        | Became a worshipper of the Wu Jian Council
   150 | D        | Entered arena 2.
   150 | D        | Noticed a bullfrog
   150 | D        | Found a transporter.
   154 | D        | Reached skill level 5 in Fighting
   155 | D        | Killed a bullfrog
   155 | D        | Reached XP level 2. HP: 23/31 MP: 7/7
   155 | D        | Reached XP level 3. HP: 27/36 MP: 8/8
   155 | D        | Reached XP level 4. HP: 32/43 MP: 10/10
   191 | D        | Killed a death ooze
   207 | D        | Killed an azure jelly
   218 | D        | Killed an azure jelly
   231 | D        | Learned a level 3 spell: Ignite Poison
   239 | D        | Entered arena 3.
   239 | D        | Found a transporter.
   240 | D        | Killed an azure jelly
   241 | D        | Killed a death ooze
   244 | D        | Reached * piety under Wu Jian
   244 | D        | Reached skill level 1 in Transmutations
   244 | D        | Reached skill level 1 in Poison Magic
   254 | D        | Got the ring "Guhusagu" {*Slow rF+++ rC+ MR+ Dex+6}
   258 | D        | Got the amulet "Qodymym" {+Rage +Inv Dex+2 SInv}
   274 | D        | Entered arena 4.
   274 | D        | Noticed a necrophage
   274 | D        | Noticed a phantom
   274 | D        | Noticed a necrophage
   274 | D        | Found a transporter.
   281 | D        | Killed a necrophage
   281 | D        | Reached ** piety under Wu Jian
   281 | D        | Reached skill level 5 in Armour
   281 | D        | Reached skill level 5 in Dodging
   281 | D        | Reached skill level 5 in Spellcasting
   281 | D        | Reached XP level 5. HP: 47/49 MP: 13/13
   286 | D        | Killed a necrophage
   286 | D        | Reached skill level 5 in Evocations
   286 | D        | Reached XP level 6. HP: 44/55 MP: 15/15
   286 | D        | Killed an azure jelly
   287 | D        | Killed a phantom
   287 | D        | Reached skill level 5 in Transmutations
   287 | D        | Reached skill level 5 in Poison Magic
   288 | D        | Reached *** piety under Wu Jian
   301 | D        | Killed Psyche
   357 | D        | Killed Purgy
   386 | D        | Killed Sonja
   414 | D        | Killed Harold
   423 | D        | Killed Eustachio
   441 | D        | Killed a death ooze
   464 | D        | Killed an azure jelly
   471 | D        | Killed an azure jelly
   475 | D        | Killed an acid blob
   487 | D        | Learned a level 4 spell: Petrify
   493 | D        | Learned a level 5 spell: Alistair's Intoxication
   499 | D        | Entered arena 5.
   499 | D        | Noticed a slime creature
   499 | D        | Noticed a floating eye
   499 | D        | Found a transporter.
   504 | D        | Killed a floating eye
   504 | D        | Reached skill level 1 in Stealth
   504 | D        | Reached skill level 1 in Fire Magic
   504 | D        | Reached skill level 1 in Earth Magic
   504 | D        | Reached XP level 7. HP: 62/62 MP: 17/17
   512 | D        | Killed Gastronok
   514 | D        | Killed an azure jelly
   515 | D        | Killed an azure jelly
   516 | D        | Killed a slime creature
   521 | D        | Killed an acid blob
   559 | D        | Killed a death ooze
   572 | D        | Killed an azure jelly
   572 | D        | Killed Frances
   577 | D        | Entered arena 6.
   577 | D        | Found a transporter.
   582 | D        | Reached **** piety under Wu Jian
   590 | D        | Killed an azure jelly
   592 | D        | Killed Erica
   593 | D        | Reached ***** piety under Wu Jian
   604 | D        | Identified the Grimoire of Doomed Venom (You found it in the Dungeon)
   607 | D        | Learned a level 2 spell: Poisonous Vapours
   607 | D        | Identified the Grimoire of Doomed Venom (You found it in the Dungeon)
   628 | D        | Killed Edmund
   638 | D        | Entered arena 7.
   638 | D        | Noticed a spriggan druid
   638 | D        | Noticed a spriggan
   638 | D        | Noticed a spriggan
   639 | D        | Found a transporter.
   643 | D        | Killed a death ooze
   644 | D        | Killed from afar by a spriggan druid

Vault maps used:
D:        sprint_v

Skill      XL: |  1  2  3  4  5  6  7 |
---------------+----------------------+-----
Fighting       | 7 8 9 |  9.4
Staves         | 7 8 9 |  9.3
Armour         | 4 5 6 7 |  7.3
Dodging        | 4 5 6 7 |  7.3
Spellcasting   | 4 5 6 7 |  7.4
Transmutations | 3 4 5 6 |  6.6
Poison Magic   | 3 4 5 6 |  6.4
Evocations     | 4 5 6 |  6.8
Stealth        | 1 3 |  3.7
Fire Magic     | 1 4 |  4.0
Earth Magic    | 1 3 |  3.4
Charms         | |  4.8

Action                   |  1- 3 |  4- 6 |  7- 9 || total
-------------------------+-------+-------+-------++-------
Melee: Quarterstaff      |     5 |    29 |    26 ||    60
       Bite              |     2 |     3 |     6 ||    11
 Cast: Alistair's Intoxi |       |       |     5 ||     5
       Poisonous Vapours |       |       |     1 ||     1
Invok: Heavenly Storm    |       |       |     1 ||     1
 Stab: Sleeping          |       |     1 |       ||     1
  Eat: Bread ration      |     1 |       |       ||     1
Armor: Robe              |     1 |     3 |     3 ||     7
Dodge: Dodged            |     7 |    22 |    25 ||    54
